 Dungeon Crawl Stone Soup version 0.22-a0-268-g1cc83ef (webtiles) character file.

67459 4thArraOfDagon the Carver (level 14, -3/105 HPs)
             Began as a Mummy Enchanter on Mar 9, 2018.
             Was a High Priest of Okawaru.
             Slain by a ragged hierophant
             ... wielding a +0 short sword
              (6 damage)
             ... in the Desolation of Salt.
             The game lasted 01:04:13 (16611 turns).

4thArraOfDagon the Carver (Mummy Enchanter)        Turns: 16611, Time: 01:04:14

Health: -3/105     AC: 22    Str: 12    XL:     14   Next: 83%
Magic:  23/24      EV: 24    Int: 18    God:    Okawaru [*****.]
Gold:   1514       SH:  0    Dex: 16    Spells: 5/27 levels left

rFire    x . .     SeeInvis +   u - +5 scimitar (freeze)
rCold    + + .     Gourm    .   (no shield)
rNeg     + + +     Faith    .   n - +4 troll leather armour
rPois    ∞         Spirit   .   o - +1 helmet {SInv}
rElec    +         Reflect  .   x - +1 cloak of Starlight {rElec rC+ EV+4 Stlth--}
rCorr    .         Harm     .   c - +0 pair of gloves
MR       +....                  B - +0 pair of boots
Stlth    +.........             F - amulet of magic regeneration
HPRegen  0.67/turn              h - +3 ring of dexterity
MPRegen  0.44/turn              k - +4 ring of protection

@: heroism, finesse
A: no food or potions, fire vulnerability, cold resistance 1, negative energy
resistance 3, torment resistance, unbreathing, in touch with death 1
a: Heroism, Finesse, Renounce Religion


You were in the Desolation of Salt.
You worshipped Okawaru.
Okawaru was extremely pleased with you.
You were not hungry.

You visited 3 branches of the dungeon, and saw 18 of its levels.
You also visited: Bailey and Desolation.

You collected 2137 gold pieces.
You spent 623 gold pieces at shops.

Inventory:

Hand Weapons
 u - a +5 scimitar of freezing (weapon)
 C - a +3 great sword of protection
 N - the +10 hand axe of the Spider {chop, rF+ rN+ Int-4}
   (You found it on level 12 of the Dungeon)

   It inflicts extra damage upon your enemies.
   It affects your intelligence (-4).
   It protects you from fire.
   It protects you from negative energy.
Missiles
 r - 6 curare-tipped needles
 Q - a throwing net (quivered)
Armour
 b - a +1 crystal plate armour
 c - a +0 pair of gloves (worn)
 m - the cursed +0 large shield "Rasse" {rElec MR+ Dex+4}
   (You took it off Louise on level 15 of the Dungeon)

   It affects your dexterity (+4).
   It insulates you from electricity.
   It affects your resistance to hostile enchantments.
   It has a curse placed upon it.
 n - a +4 troll leather armour (worn)
 o - a +1 helmet of see invisible (worn)
 t - a scarf of repulsion
 x - the +1 cloak of Starlight (worn) {rElec rC+ EV+4 Stlth--}
   (You bought it in a shop on level 2 of the Orcish Mines)

   It affects your evasion (+4).
   It protects you from cold.
   It insulates you from electricity.
   It makes you much less stealthy.
 y - a +0 helmet
 z - the +0 scale mail of Sovereignty {MR+}
   (Okawaru gifted it to you on level 15 of the Dungeon)

   It affects your resistance to hostile enchantments.
 B - a +0 pair of boots (worn)
 D - the +2 ring mail of Dithrofa {rC+}
   (You found it on level 8 of the Dungeon)

   It protects you from cold.
Magical Staves
 i - an uncursed staff of earth
Jewellery
 h - a +3 ring of dexterity (left hand)
 k - a +4 ring of protection (right hand)
 A - an uncursed ring of flight
 F - an amulet of magic regeneration (around neck)
 I - an uncursed amulet of rage
 P - an uncursed ring of teleportation
Wands
 a - a wand of polymorph (31)
 e - a wand of random effects (94)
 j - a wand of enslavement (11)
 p - a wand of digging (27)
 w - a wand of flame (27)
 E - a wand of acid (17)
 H - a wand of disintegration (18)
Scrolls
 d - 5 scrolls of enchant armour
 f - 9 scrolls of remove curse
 g - 5 scrolls of teleportation
 l - 3 scrolls of immolation
 q - a scroll of magic mapping
 s - a scroll of fog
 v - 2 scrolls of amnesia
 G - a scroll of torment
 J - a scroll of holy word
 L - 3 scrolls of vulnerability
Miscellaneous
 K - a phial of floods
 O - a box of beasts


   Skills:
 - Level 8.0(13.0) Fighting
   Level 3.0(14.0) Short Blades
 * Level 12.8(17.9) Long Blades
 - Level 6.4(11.4) Armour
 - Level 7.0(12.0) Dodging
 - Level 2.4(7.4) Stealth
 * Level 1.3(6.3) Shields
 - Level 7.0 Spellcasting
 - Level 2.4 Conjurations
 - Level 2.6 Hexes
 - Level 2.3 Fire Magic
 * Level 10.1 Earth Magic
 - Level 7.0 Invocations
 - Level 4.0 Evocations


You had 5 spell levels left.
You knew the following spells:

 Your Spells              Type           Power        Failure   Level  Hunger
a - Corona                Hex            ###....      4%          1    N/A
b - Ensorcelled Hibernat  Hex/Ice        ##....       11%         2    N/A
c - Confuse               Hex            ###.....     13%         3    N/A
d - Tukima's Dance        Hex            ###.....     13%         3    N/A
e - Conjure Flame         Conj/Fire      ##......     14%         3    N/A
f - Mephitic Cloud        Conj/Pois/Air  #.......     28%         3    N/A
g - Blink                 Tloc           N/A          19%         2    N/A
h - Lee's Rapid Deconstr  Erth           #####.....   5%          5    N/A

Dungeon Overview and Level Annotations

Branches:
Dungeon (15/15)            Temple (0/1) D:6            Lair (0/6) D:9
    Orc (2/2) D:10            Elf (1/3) Orc:2        Vaults (0/5) D:14
 Depths (0/5) D:15

Altars:
Ashenzari
Cheibriados
Dithmenos
Elyvilon
Fedhas
Gozag
Kikubaaqudgha
Makhleb
Okawaru
Ru
Sif Muna
Vehumet
Yredelemnul
The Shining One
Beogh

Shops:
D:6 *   D:7 (   D:11 [   Orc:1 [   Orc:2 [}*[

Portals:
Trove: D:11 (give +4 storm dragon scales)

Annotations:
D:3 1 runed door
D:15 exclusion: Roxanne, Roxanne


Innate Abilities, Weirdness & Mutations

You do not eat or drink.
Your flesh is vulnerable to fire.
You are immune to poison.
Your flesh is cold resistant. (rC+)
You are immune to negative energy. (rN+++)
You are immune to unholy pain and torment.
You can survive without breathing.
You are in touch with the powers of death.


Message History

Unknown command.
Unknown command.
The peacekeeper bites your larval oxshock beast!
The peacekeeper claws your larval oxshock beast but does no damage.
Your larval oxshock beast hits the ragged hierophant!
Your larval oxshock beast tramples the ragged hierophant.
The ragged hierophant stumbles backwards!
Unknown command.
Unknown command.
The peacekeeper bites your larval oxshock beast!
Your larval oxshock beast dies!
Your larval oxshock beast's corpse disappears in a puff of smoke!
The ragged hierophant gestures wildly while chanting.
The ragged hierophant begins to accept its allies' injuries.
Unknown command.
Unknown command.
You hit the ragged hierophant. You freeze the ragged hierophant.
The ragged hierophant is moderately wounded.
The ragged hierophant hits you with a short sword.
You die...

...[#.###........8..
..#[#..#...........
.. .........p...
#.§.........
#§.§§§§.....
#[##§§.§§§.....
...§§§§§§§.....
...§§§8p§§.....
...§§§@§§§.....
...§§§§§§§.....
...§§§§§§......
.#.§§§.........
...............
############### ##


You could see a ragged hierophant and a peacekeeper.

Vanquished Creatures
  Kirke (D:15)
  An orc warlord (Orc:1)
  Louise (D:15)
  A ragged hierophant (Desolation)
  A fire dragon (D:15)
  An ice dragon (D:15)
  A deep elf high priest (Elf:1)
  Erolcha (D:9)
  A rakshasa (D:14)
  A servant of whispers (Desolation)
  2 peacekeepers (Desolation)
  2 hydras (D:14)
  5 centaur warriors
  3 death yaks (D:9)
  A tengu warrior (D:14)
  7 two-headed ogres
  5 orc high priests
  2 dancing weapons (Elf:1)
  A deep elf knight (D:15)
  An unseen horror (D:13)
  4 orc knights (Orc:2)
  A wolf spider zombie (D:14)
  13 ugly things
  5 cyclopes
  6 deep elf magi
  5 orc sorcerers
  2 gargoyles
  A guardian serpent (Elf:1)
  A komodo dragon (D:13)
  5 yaktaurs (D:14)
  A redback zombie (D:13)
  A kobold demonologist (D:14)
  2 guardian mummies (D:11)
  5 trolls
  A queen bee (D:11)
  A hornet (D:9)
  10 saltlings
  5 slime creatures (D:11)
  A raiju (shapeshifter) (D:13)
  7 hippogriffs
  A meliai zombie (D:15)
  An air elemental (Elf:1)
  6 redbacks (D:15)
  A spriggan (D:7)
  4 shadows
  4 hogs (D:15)
  3 wraiths
  A vampire (D:14)
  8 yaks
  A golden eye (shapeshifter) (D:15)
  A hungry ghost (D:11)
  A redback simulacrum (D:14)
  6 swamp worms (D:13)
  4 wargs
  An acid dragon (D:13)
  2 water moccasins
  26 orc warriors
  4 ice beasts
  A phantom (D:13)
  5 sky beasts
  8 ogres
  15 centaurs
  2 big kobolds
  10 bullfrogs
  4 scorpions
  47 killer bees
  14 wights
  4 howler monkeys
  6 crimson imps
  4 bullfrog zombies
  2 centaur zombies
  2 quasits
  A bullfrog skeleton (D:13)
  4 centaur skeletons
  17 orc priests
  4 hounds
  3 gnoll shamans
  Crazy Yiuf (D:2)
  A jelly (D:7)
  2 iguanas
  18 orc wizards
  12 worker ants
  20 gnolls
  11 adders
  2 shadow imps
  4 adder skeletons
  13 worms (D:13)
  3 dart slugs (D:3)
  8 leopard geckos
  69 orcs
  3 bats
  3 giant cockroaches
  9 goblins
  5 hobgoblins
  8 jackals
  4 quokkas
  4 frilled lizards
  A jackal skeleton (D:5)
  22 kobolds
  A quokka skeleton (D:5)
  5 rats
  A fungus (D:2)
574 creatures vanquished.

Vanquished Creatures (collateral kills)
  A redback (D:15)
  A killer bee (D:11)
  A leopard gecko (D:8)
3 creatures vanquished.

Vanquished Creatures (others)
  A redback (D:15)
  A shadow imp (D:15)
  An orc (Orc:2)
  3 plants (D:13)
6 creatures vanquished.

Grand Total: 583 creatures vanquished

Notes
Turn   | Place    | Note
-------+----------+-------------------------------------------
     0 | D:1      | 4thArraOfDagon the Mummy Enchanter began the quest for the Orb.
     0 | D:1      | Reached XP level 1. HP: 13/13 MP: 4/4
    30 | D:1      | Reached skill level 1 in Short Blades
   208 | D:1      | Reached XP level 2. HP: 16/19 MP: 2/5
   212 | D:1      | Learned a level 2 spell: Ensorcelled Hibernation
   832 | D:4      | Got a faintly glowing hand axe
   840 | D:5      | Entered Level 5 of the Dungeon
   882 | D:5      | Reached XP level 3. HP: 13/24 MP: 0/7
  1150 | D:5      | Reached XP level 4. HP: 3/31 MP: 3/8
  1179 | D:5      | Learned a level 3 spell: Confuse
  1457 | D:5      | Reached skill level 1 in Fighting
  1457 | D:5      | Reached skill level 1 in Armour
  1550 | D:5      | Noticed an ice beast
  1597 | D:5      | Found a burning altar of Makhleb.
  1597 | D:5      | Found a radiant altar of Vehumet.
  1599 | D:5      | Found an iron altar of Okawaru.
  1608 | D:5      | Became a worshipper of Warmaster Okawaru
  1638 | D:5      | Reached XP level 5. HP: 35/37 MP: 2/9
  2096 | D:2      | Found a shattered altar of Ashenzari.
  2573 | D:2      | Found a runed door.
  2577 | D:2      | Noticed Crazy Yiuf
  2583 | D:2      | Killed Crazy Yiuf
  2583 | D:2      | Reached skill level 1 in Invocations
  2775 | D:3      | Reached XP level 6. HP: 32/44 MP: 10/10
  2780 | D:3      | Learned a level 3 spell: Tukima's Dance
  2872 | D:3      | Found a basalt altar of Yredelemnul.
  3051 | D:3      | Reached * piety under Okawaru
  3147 | D:3      | Found a runed door.
  3147 | D:3      | Noticed a human
  3148 | D:3      | Found a basalt altar of Yredelemnul.
  3640 | D:4      | Found a sacrificial altar of Ru.
  3640 | D:4      | Found a deep blue altar of Sif Muna.
  3666 | D:4      | Found an ancient bone altar of Kikubaaqudgha.
  3670 | D:4      | Found a blossoming altar of Fedhas.
  3744 | D:4      | Reached XP level 7. HP: 23/52 MP: 9/11
  4062 | D:4      | Found a white marble altar of Elyvilon.
  4205 | D:5      | You fall through a shaft!
  4438 | D:6      | Reached ** piety under Okawaru
  4548 | D:6      | Reached XP level 8. HP: 31/60 MP: 6/14
  4558 | D:6      | Learned a level 3 spell: Conjure Flame
  4692 | D:5      | Reached skill level 1 in Long Blades
  4860 | D:5      | Reached skill level 1 in Conjurations
  4860 | D:5      | Reached skill level 1 in Fire Magic
  5225 | D:6      | Found Ohelakki's General Store.
  5454 | D:6      | Reached skill level 2 in Long Blades
  5759 | D:6      | Found a staircase to the Ecumenical Temple.
  5768 | D:6      | Reached *** piety under Okawaru
  5948 | D:7      | Noticed a hippogriff
  6058 | D:7      | Reached XP level 9. HP: 62/66 MP: 12/16
  6063 | D:7      | Learned a level 3 spell: Mephitic Cloud
  6069 | D:7      | Learned a level 2 spell: Blink
  6207 | D:7      | Reached skill level 5 in Spellcasting
  6443 | D:7      | Reached skill level 3 in Long Blades
  6465 | D:7      | Found a glowing golden altar of the Shining One.
  6481 | D:7      | Reached **** piety under Okawaru
  6536 | D:7      | Found an opulent altar of Gozag.
  6641 | D:7      | Found Cicor's Antique Weapon Emporium.
  6753 | D:7      | Reached skill level 5 in Fighting
  6759 | D:7      | Found a blossoming altar of Fedhas.
  6927 | D:7      | Reached skill level 4 in Long Blades
  7299 | D:8      | Reached XP level 10. HP: 64/74 MP: 7/17
  7303 | D:8      | Reached skill level 5 in Dodging
  7346 | D:8      | Reached ***** piety under Okawaru
  7578 | D:8      | Found a snail-covered altar of Cheibriados.
  7673 | D:8      | Noticed a two-headed ogre
  7688 | D:8      | Killed a two-headed ogre
  7688 | D:8      | Received a gift from Okawaru
  7688 | D:8      | Reached skill level 5 in Long Blades
  7688 | D:8      | Reached skill level 5 in Invocations
  7867 | D:8      | Identified the +2 ring mail of Dithrofa {rC+} (You found it on level 8 of the Dungeon)
  8115 | D:9      | Noticed Erolcha
  8176 | D:10     | Entered Level 10 of the Dungeon
  8235 | D:11     | Reached skill level 5 in Armour
  8244 | D:10     | Found a staircase to the Orcish Mines.
  8610 | D:11     | Found a portal to a secret trove of treasure.
  8648 | D:11     | Reached skill level 6 in Long Blades
  8694 | D:11     | Found Oquoj's Armour Boutique.
  9090 | D:11     | Reached XP level 11. HP: 66/83 MP: 12/18
  9397 | D:11     | Received a gift from Okawaru
  9441 | D:11     | Found a roughly hewn altar of Beogh.
  9551 | D:12     | Found a flagged portal.
  9557 | D:12     | Got a warped hand axe
  9560 | Bailey   | Entered a bailey
  9692 | Bailey   | Found a bloodstained altar of Trog.
  9844 | D:12     | Identified the +10 hand axe of the Spider {chop, rF+ rN+ Int-4} (You found it on level 12 of the Dungeon)
 10382 | D:13     | Noticed a cyan ugly thing
 10395 | D:13     | Killed a cyan ugly thing
 10395 | D:13     | Reached skill level 1 in Evocations
 10517 | D:13     | Noticed a two-headed ogre
 10524 | D:13     | Reached skill level 7 in Long Blades
 10528 | D:13     | Killed a two-headed ogre
 10568 | D:13     | Noticed a red ugly thing
 10589 | D:13     | Killed a brown ugly thing
 10674 | D:13     | Noticed a centaur warrior
 10686 | D:13     | Killed a centaur warrior
 10686 | D:13     | Reached ****** piety under Okawaru
 10731 | D:13     | Received a gift from Okawaru
 10770 | D:13     | Noticed a harpy
 10772 | D:13     | a harpy changed into a raiju
 10829 | D:13     | Noticed an unseen horror
 10833 | D:13     | Killed an unseen horror
 10874 | D:13     | Noticed a centaur warrior
 10887 | D:13     | Killed a centaur warrior
 10893 | D:13     | Reached XP level 12. HP: 48/92 MP: 19/19
 11333 | D:13     | Reached skill level 8 in Long Blades
 11581 | D:14     | Noticed a centaur warrior
 11603 | D:13     | Killed a centaur warrior
 11712 | D:14     | Noticed a four-headed hydra
 11727 | D:14     | Killed a four-headed hydra
 11741 | D:14     | Learned a level 5 spell: Lee's Rapid Deconstruction
 11809 | D:15     | Entered Level 15 of the Dungeon
 11819 | D:14     | Reached skill level 1 in Earth Magic
 11848 | D:14     | Noticed a two-headed ogre
 11886 | D:14     | Killed a two-headed ogre
 11886 | D:14     | Received a gift from Okawaru
 11889 | D:14     | Got a jewelled great sword {god gift}
 11898 | D:14     | Identified the +0 great sword of Instinct {drain, Str+3} (Okawaru gifted it to you on level 14 of the Dungeon)
 11915 | D:14     | Found a gate to the Vaults.
 12061 | D:14     | Noticed a rakshasa
 12102 | D:14     | Killed a rakshasa
 12164 | D:14     | Reached skill level 9 in Long Blades
 12346 | D:14     | Noticed a tengu warrior
 12422 | D:14     | Noticed a four-headed hydra
 12449 | D:14     | Killed a four-headed hydra
 12449 | D:14     | Received a gift from Okawaru
 12683 | D:15     | Noticed Roxanne
 12821 | D:15     | Gained mutation: You are in touch with the powers of death. [Mummy growth]
 12821 | D:15     | Reached XP level 13. HP: 86/98 MP: 9/23
 13040 | D:15     | Reached skill level 5 in Earth Magic
 13044 | D:15     | Reached skill level 10 in Long Blades
 13112 | D:15     | Noticed Louise
 13142 | D:15     | Killed Louise
 13150 | D:15     | Noticed Kirke
 13170 | D:15     | Killed Kirke
 13176 | D:15     | Got a distressingly furry large shield
 13239 | D:15     | Found a shadowy altar of Dithmenos.
 13453 | D:15     | Received a gift from Okawaru
 13460 | D:15     | Got a spiked scale mail {god gift}
 13471 | D:15     | Identified the +0 scale mail of Sovereignty {MR+} (Okawaru gifted it to you on level 15 of the Dungeon)
 13558 | D:15     | Noticed a fire dragon
 13572 | D:15     | Killed a fire dragon
 13580 | D:15     | Found a staircase to the Depths.
 13630 | D:15     | Reached skill level 11 in Long Blades
 13718 | D:14     | Identified the cursed +0 large shield "Rasse" {rElec MR+ Dex+4} (You took it off Louise on level 15 of the Dungeon)
 13808 | Orc:1    | Entered Level 1 of the Orcish Mines
 13873 | D:9      | Killed Erolcha
 13898 | D:9      | Found a staircase to the Lair.
 14271 | D:9      | Reached XP level 14. HP: 105/105 MP: 24/24
 14807 | Orc:1    | Found Evos Qoji's Armour Shoppe.
 14936 | Orc:2    | Entered Level 2 of the Orcish Mines
 14992 | Orc:2    | Noticed an orc warlord
 15046 | Orc:1    | Killed an orc warlord
 15327 | Orc:1    | Found a roughly hewn altar of Beogh.
 15592 | Orc:2    | Found a staircase to the Elven Halls.
 15631 | Orc:2    | Reached skill level 12 in Long Blades
 16003 | Orc:2    | Found Suenni's Antique Armour Shop.
 16003 | Orc:2    | Found Xagufof's Armour Shop.
 16019 | Orc:2    | Received a gift from Okawaru
 16041 | Orc:2    | Identified the +0 plate armour of the Crypt {rC+} (Okawaru gifted it to you on level 2 of the Orcish Mines)
 16046 | Orc:2    | Found Yvieguer's General Store.
 16046 | Orc:2    | Found Meab's Gadget Shoppe.
 16077 | Orc:2    | Bought the +1 cloak of Starlight {rElec rC+ EV+4 Stlth--} for 623 gold pieces
 16077 | Orc:2    | Found the +1 cloak of Starlight {rElec rC+ EV+4 Stlth--}
 16239 | Elf:1    | Entered Level 1 of the Elven Halls
 16352 | Elf:1    | Found a ruined gateway.
 16406 | Desolati | Entered the Desolation of Salt
 16478 | Desolati | Reached skill level 10 in Earth Magic
 16541 | Desolati | Found the +2 shield of Resistance {rF+ rC+ MR+}
 16579 | Desolati | Reached skill level 1 in Shields
 16605 | Desolati | HP: 1/105 [ragged hierophant/a resonance strike (14)]
 16611 | Desolati | Slain by a ragged hierophant

Vault maps used:
D:1:      minmay_arrival_doors, minivault_4, st_stairs_12, minmay_liquid_box,
          minmay_tetromino_l2
D:2:      lemuel_round_altar, uniq_crazy_yiuf_cottage
D:3:      overflow_temple_1_default, dk_yredelemnul_ordeal
D:4:      cheibrodos_helix_gallery, grunt_temple_overflow_growth_and_decay,
          nicolae_overflow_crystal_walls, gammafunk_temple_overflow_pools,
          first_ration
D:5:      grunt_temple_overflow_lords_of_destruction, okawaru_gym_becter,
          nrook_mini_backslash, kennysheep_generic_room_16
D:6:      minmay_temple_entry_poolview, serial_shops,
          nicolae_shop_temple_entry_statues_fountains
D:7:      old_standard_altar, lemuel_doored_altar, serial_shops, shop,
          the_bakery, glass_columns_a, fedhas_altar_fruit_tree
D:8:      kennysheep_little_box, amethyst_killhole, grunt_ministairs_5
D:9:      dpeg_lair_monsters, evilmike_surprise_oklob, uniq_erolcha
D:10:     david_orc_2, uniq_josephine
D:11:     nicolae_trove_entry_path_of_doom, special_room, serial_shops,
          kennysheep_mini_moat, hangedman_decor_growths
D:12:     enter_bailey_2, columned_hall_lemuel
D:13:     worms_lemuel
D:14:     david_vaults_1, lemuel_old_faithful
D:15:     grunt_enter_depths_hoard, grunt_dithmenos_smoke_and_mirrors,
          spider_trap, uniq_roxanne, uniq_kirke, uniq_louise
Orc:1:    basic_altar, serial_shops, nicolae_shop_trees
Orc:2:    st_orc_elflike
Elf:1:    minmay_elf_arrival_plus, portal_desolation_entry_nicolae_nacl,
          orc_legates, minivault_16, st_stairs_1, minivault_26
Bailey:   bailey_axe_3, bailey

Skill      XL: |  1  2  3  4  5  6  7  8  9 10 11 12 13 14 |
---------------+-------------------------------------------+-----
Short Blades   | 1 2 3 |  3.0
Fighting       | 1 2 3 4 5 6 7 8 |  8.0
Armour         | 1 2 3 4 5 6 |  6.4
Dodging        | 2 3 4 5 6 7 |  7.0
Invocations    | 1 2 3 4 5 6 7 |  7.0
Spellcasting   | 4 5 7 |  7.0
Long Blades    | 2 4 6 7 9 11 12 | 12.8
Conjurations   | 2 |  2.4
Fire Magic     | 2 |  2.3
Evocations     | 2 4 |  4.0
Earth Magic    | 4 8 10 | 10.1
Shields        | 1 |  1.3
Stealth        | |  2.4
Hexes          | |  2.6

Action                   |  1- 3 |  4- 6 |  7- 9 | 10-12 | 13-15 || total
-------------------------+-------+-------+-------+-------+-------++-------
Melee: Dagger            |    54 |   100 |       |       |       ||   154
       Quarterstaff      |       |   123 |    55 |       |       ||   178
       Scimitar          |       |       |   243 |   671 |   597 ||  1511
       Hand axe          |       |       |       |    12 |   211 ||   223
       Staff             |       |       |       |     8 |       ||     8
       Punch             |       |       |       |     1 |    14 ||    15
 Cast: Corona            |    22 |    19 |    89 |    42 |     2 ||   174
       Ensorcelled Hiber |    13 |    20 |       |       |       ||    33
       Confuse           |       |     4 |    23 |    17 |       ||    44
       Conjure Flame     |       |       |       |    39 |    24 ||    63
       Mephitic Cloud    |       |       |       |    20 |    12 ||    32
Invok: Heroism           |       |       |       |     8 |    33 ||    41
       Finesse           |       |       |       |     1 |     7 ||     8
 Abil: Evoke Flight      |       |       |       |     3 |       ||     3
Evoke: Wand              |       |     4 |     9 |    28 |    14 ||    55
       Box of beasts     |       |       |       |       |     2 ||     2
       Phial of floods   |       |       |       |       |     1 ||     1
  Use: Scroll            |     5 |     4 |     6 |    12 |     9 ||    36
 Stab: Sleeping          |    10 |     8 |     4 |     2 |       ||    24
       Paralysed         |       |     2 |    22 |    36 |     9 ||    69
       Confused          |       |     1 |     3 |    23 |    16 ||    43
       Distracted        |       |       |       |     2 |     1 ||     3
Armor: Robe              |    18 |    54 |    97 |    13 |       ||   182
       Ring mail         |       |       |       |   228 |       ||   228
       Troll leather arm |       |       |       |    27 |   214 ||   241
Dodge: Dodged            |    37 |   129 |   238 |   469 |   539 ||  1412
       Deflected         |       |       |     4 |    26 |     7 ||    37
       Rpst.: Scimitar   |       |       |    62 |   113 |   108 ||   283

Table legend:
 A = Spawn XP
 B = Non-spawn XP
 C = Spawn XP percentage of total XP
 D = Spawn monster count
 E = Non-spawn monster count
 F = Spawn count percentage of total count
 G = Total turns spent on level
                    A         B        C        D         E        F      G
               +---------+---------+-------+---------+---------+-------+---------
         Total |       0 |   96371 |   0.0 |       0 |     578 |   0.0 | 16611
               +---------+---------+-------+---------+---------+-------+---------
           D:1 |       0 |      20 |   0.0 |       0 |      11 |   0.0 |   451
           D:2 |       0 |      79 |   0.0 |       0 |       9 |   0.0 |   839
           D:3 |       0 |     271 |   0.0 |       0 |      36 |   0.0 |  1259
           D:4 |       0 |     360 |   0.0 |       0 |      19 |   0.0 |   787
           D:5 |       0 |     698 |   0.0 |       0 |      20 |   0.0 |  1458
           D:6 |       0 |    1295 |   0.0 |       0 |      31 |   0.0 |  1121
           D:7 |       0 |    1982 |   0.0 |       0 |      32 |   0.0 |  1162
           D:8 |       0 |    2368 |   0.0 |       0 |      29 |   0.0 |  1066
           D:9 |       0 |    8394 |   0.0 |       0 |      32 |   0.0 |   779
          D:10 |       0 |    2069 |   0.0 |       0 |      27 |   0.0 |   294
          D:11 |       0 |    4940 |   0.0 |       0 |      70 |   0.0 |  1246
          D:12 |       0 |     496 |   0.0 |       0 |       7 |   0.0 |   672
          D:13 |       0 |   10605 |   0.0 |       0 |      54 |   0.0 |  1304
          D:14 |       0 |   12781 |   0.0 |       0 |      38 |   0.0 |  1107
          D:15 |       0 |   20476 |   0.0 |       0 |      45 |   0.0 |  1004
         Orc:1 |       0 |    5527 |   0.0 |       0 |      23 |   0.0 |   498
         Orc:2 |       0 |   10547 |   0.0 |       0 |      55 |   0.0 |  1003
         Elf:1 |       0 |    7072 |   0.0 |       0 |      13 |   0.0 |   167
        Bailey |       0 |     535 |   0.0 |       0 |      16 |   0.0 |   189
    Desolation |       0 |    5856 |   0.0 |       0 |      11 |   0.0 |   205
               +---------+---------+-------+---------+---------+-------+---------
